 Dungeon Crawl Stone Soup version 0.28-a0-1356-g2ad6d04315 (webtiles) character file.

Game seed: 14224261395697146292

27960 mordus the Blocker (level 13, 0/104 HPs)
             Began as a Gnoll Fighter on Dec 30, 2021.
             Slain by a fire giant (4 damage)
             ... on level 12 of the Dungeon.
             The game lasted 00:37:15 (18929 turns).

mordus the Blocker (Gnoll Fighter)                 Turns: 18929, Time: 00:37:16

Health: 0/104      AC: 25    Str: 26    XL:     13   Next: 35%
Magic:  25/25      EV: 11    Int: 12    God:
Gold:   857        SH: 12    Dex: 12    Spells: 28/28 levels left

rFire   . . .      SeeInvis .   C - +1 war axe of an ossuary {venom, Will++ Int+4}
rCold   . . .      Faith    .   R - +1 buckler "Daninet" {Str+6}
rNeg    . . .      Spirit   .   e - +1 shadow dragon scales
rPois   .          Reflect  +   L - +2 hat
rElec   .          Harm     .   J - +1 cloak
rCorr   .          Rampage  .   (no gloves)
Will    ++...                   S - +0 pair of boots
Stlth   +++++.....              N - amulet of reflection
HPRegen 0.27/turn               B - +4 ring of slaying
MPRegen 0.19/turn               M - +4 ring of protection

@: unable to read
A: fangs 1, strong nose, distributed training, inability to read while
threatened
a: no special abilities


You were on level 12 of the Dungeon.
You visited 1 branch of the dungeon, and saw 12 of its levels.
You also visited: Bailey.

You collected 857 gold pieces.

Inventory:

Hand Weapons
 h - a +0 dagger of protection
 j - a +4 vorpal long sword
 l - a +4 hand axe of flaming
 m - a +3 hand axe of electrocution
 C - the +1 war axe of an ossuary (weapon) {venom, Will++ Int+4}
   (You took it off an orc priest on level 6 of the Dungeon)

   It poisons the flesh of those it strikes.
   Int:       It affects your intelligence (+4).
   Will:      It greatly increases your willpower.
 G - a +1 dagger of venom
Armour
 e - +1 shadow dragon scales (worn)
 J - a +1 cloak (worn)
 L - a +2 hat (worn)
 R - the +1 buckler "Daninet" (worn) {Str+6}
   (You found it in a bailey)

   Str:       It affects your strength (+6).
 S - a +0 pair of boots (worn)
 T - a +2 ring mail of poison resistance
Jewellery
 k - a ring of protection from fire
 B - a +4 ring of slaying (left hand)
 E - a ring of fire
 M - a +4 ring of protection (right hand)
 N - an amulet of reflection (around neck)
Wands
 i - a wand of mindburst (7)
 q - a wand of flame (26)
 t - a wand of charming (10)
 y - a wand of paralysis (13)
 D - a wand of iceblast (12)
 H - a wand of polymorph (9)
 U - a wand of digging (7)
Scrolls
 f - a scroll of vulnerability
 g - 13 scrolls of identify
 o - 2 scrolls of brand weapon
 r - 2 scrolls of enchant armour
 u - 6 scrolls of amnesia
 x - 6 scrolls of teleportation
 F - a scroll of enchant weapon
 Q - 3 scrolls of acquirement
Potions
 a - a potion of berserk rage {unknown}
 b - 8 potions of curing
 c - a potion of haste
 d - 3 potions of might
 n - a potion of resistance
 v - a potion of heal wounds
 z - a potion of attraction
 O - a potion of invisibility


   Skills:
 + Level 10.5 Fighting
 + Level 8.2 Short Blades
 + Level 9.5 Long Blades
 + Level 8.2 Axes
 + Level 8.2 Maces & Flails
 + Level 8.2 Polearms
 + Level 8.2 Staves
 + Level 8.2 Slings
 + Level 8.2 Bows
 + Level 8.2 Crossbows
 + Level 8.2 Throwing
 + Level 10.5 Armour
 + Level 8.2 Dodging
 + Level 8.2 Stealth
 + Level 10.5 Shields
 + Level 8.2 Unarmed Combat
 + Level 8.2 Spellcasting
 + Level 6.8 Conjurations
 + Level 6.8 Hexes
 + Level 6.8 Summonings
 + Level 6.8 Necromancy
 + Level 6.8 Translocations
 + Level 6.8 Transmutations
 + Level 6.8 Fire Magic
 + Level 6.8 Ice Magic
 + Level 6.8 Air Magic
 + Level 6.8 Earth Magic
 + Level 6.8 Poison Magic
 + Level 9.0 Invocations
 + Level 8.2 Evocations


You had 28 spell levels left.
You didn't know any spells.
Your spell library contained the following spells:

 Spells                   Type           Power      Damage    Failure   Level
 Slow                     Hex            84%        N/A       4%          1
 Ensorcelled Hibernation  Hex/Ice        42%        N/A       6%          2
 Confusing Touch          Hex            21%        N/A       12%         3
 Dazzling Flash           Conj/Hex       42%        N/A       12%         3
 Gell's Gravitas          Tloc           21%        N/A       12%         3
 Lesser Beckoning         Tloc           21%        N/A       12%         3
 Ozocubu's Armour         Ice            21%        N/A       12%         3
 Teleport Other           Tloc           21%        N/A       12%         3
 Tukima's Dance           Hex            21%        N/A       12%         3
 Vampiric Draining        Necr           21%        2d7       12%         3
 Passage of Golubria      Tloc           21%        N/A       36%         4
 Agony                    Necr           21%        N/A       73%         5
 Silence                  Hex/Air        10%        N/A       73%         5
 Yara's Violent Unravell  Hex/Tmut       10%        3d6       73%         5
 Dispersal                Tloc           10%        N/A       99%         6
 Enfeeble                 Hex            10%        N/A       100%        7
 Ozocubu's Refrigeration  Ice            10%        4d7       100%        7


Dungeon Overview and Level Annotations

Branches:
Dungeon (12/15)            Temple (0/1) D:5            Lair (0/6) D:11
    Orc (0/2) D:10         Bailey (visited)

Altars:
Elyvilon
Kikubaaqudgha
Nemelex Xobeh
Ru
Uskayaw
Vehumet

Shops:
D:3 (   D:11 *

Annotations:
D:6 1 runed translucent door, SirDiesAlot's ghost, novice MiDe


Innate Abilities, Weirdness & Mutations

You have very sharp teeth.
Your uncanny sense of smell can sniff out nearby items.
Your experience applies equally to all skills.
You sometimes lose the ability to read scrolls when taking damage.


Message History

The fire giant hits you with a +2 great sword of flaming.
The fire giant burns you.
The phantasmal warrior hits you but does no damage.
The phantasmal warrior gestures at you.
The phantasmal warrior blinks!
You hit the fire giant.
The fire giant is moderately wounded.
The fire giant points at you and mumbles some strange words.
The fireball explodes!
The fireball engulfs you!!!
You feel threatened and lose the ability to read scrolls!
* * * LOW HITPOINT WARNING * * *
The fireball engulfs the fire giant!
The fire giant resists.
The fire giant hits you with a +2 great sword of flaming!
* * * LOW HITPOINT WARNING * * *
The fire giant burns you.
* * * LOW HITPOINT WARNING * * *
You hear a shout!
The phantasmal warrior gestures at you.
The phantasmal warrior blinks!
You feel much better.
You block the phantasmal warrior's attack.
The fire giant hits you with a +2 great sword of flaming!
* * * LOW HITPOINT WARNING * * *
The fire giant burns you.
* * * LOW HITPOINT WARNING * * *
Unknown command.
You are too injured to fight recklessly!
You slash the phantasmal warrior!
The phantasmal warrior is moderately damaged.
You hit the fire giant but do no damage.
The phantasmal warrior barely misses you.
The fire giant barely misses you.
You hit the phantasmal warrior but do no damage.
The phantasmal warrior is moderately damaged.
You hit the fire giant.
The fire giant looks as sick as possible!
The phantasmal warrior hits you!
* * * LOW HITPOINT WARNING * * *
The fire giant hits you with a +2 great sword of flaming.
You die...

####### #.../.#
#.##..## #..ยง.#o#
##.W##H# #..H.#C#
##.D##@# $||.#W##
#######..##
##.#.....#.#
##.#.#...#.##
...#.#.#.#.#โˆ†
#..#.#.#..#โˆ†
#...#.#...#
โˆ†#..#.#.#..######..


You could see a fire giant (extremely poisoned), a sphinx, an orc knight and a
phantasmal warrior.

Vanquished Creatures
  Gastronok (D:8)
  Kirke (D:12)
  Snorg (D:11)
  Josephine (D:12)
  A boulder beetle (D:12)
  2 hydras
  8 two-headed ogres
  3 death yaks (D:11)
  Nergalle (D:10)
  An orc knight (Bailey)
  2 ugly things
  A cyclops (D:6)
  An orc sorcerer (Bailey)
  A manticore (D:12)
  Maurice (D:10)
  A gargoyle (D:11)
  Maggie (D:10)
  Psyche (D:10)
  2 kobold demonologists
  An efreet (D:12)
  4 yaktaurs (D:12)
  3 trolls
  Grinder (D:3)
  A tyrant leech (shapeshifter) (D:12)
  6 slime creatures
  A centaur simulacrum (D:12)
  2 shadows
  2 wyverns
  9 yaks
  6 wraiths
  3 steam dragons
  A vampire mosquito (D:12)
  An acid dragon (D:11)
  A water moccasin (D:7)
  A sky beast (D:8)
  An ice beast (D:7)
  A black bear (D:6)
  17 orc warriors
  A necrophage (D:4)
  A boggart (D:12)
  2 centaurs
  An ogre (D:5)
  A phantom (D:5)
  7 kobold brigands
  4 bullfrogs
  A wyvern zombie (D:5)
  2 scorpions
  5 wights (D:6)
  6 howler monkeys (D:9)
  5 electric eels
  4 centaur zombies
  8 orc priests
  A bullfrog skeleton (D:6)
  2 centaur skeletons
  A hound (D:6)
  Crazy Yiuf (D:3)
  Jessica (D:3)
  9 orc wizards
  Terence (D:3)
  Natasha (twice) (D:2)
  Ijyb (D:3)
  A hell rat (D:11)
  3 howler monkey zombies
  A howler monkey skeleton (D:6)
  3 gnolls (Bailey)
  2 adders
  A white imp (D:7)
  3 ufetubi
  3 worms (D:2)
  4 dart slugs
  42 orcs
  8 endoplasms
  A giant cockroach (D:1)
  27 goblins
  5 hobgoblins
  3 jackals (D:5)
  30 kobolds
  4 quokkas
  9 ball pythons
  3 bats
  2 frilled lizards
  A quokka zombie (D:3)
  6 rats
322 creatures vanquished.

Vanquished Creatures (others)
  A human (D:12)
  An orc (D:10)
  15 plants (D:6)
17 creatures vanquished.

Grand Total: 339 creatures vanquished

Notes
Turn   | Place    | Note
-------+----------+-------------------------------------------
     0 | D:1      | mordus the Gnoll Fighter began the quest for the Orb.
     0 | D:1      | Reached XP level 1. HP: 23/23 MP: 1/1
    98 | D:1      | Reached XP level 2. HP: 29/29 MP: 2/2
   335 | D:1      | Found a faded altar of an unknown god.
   352 | D:1      | Reached XP level 3. HP: 35/35 MP: 3/3
  1057 | D:2      | Reached skill level 1 in Invocations
  1512 | D:2      | Reached skill level 1 in Short Blades
  1512 | D:2      | Reached skill level 1 in Axes
  1512 | D:2      | Reached skill level 1 in Maces & Flails
  1512 | D:2      | Reached skill level 1 in Polearms
  1512 | D:2      | Reached skill level 1 in Staves
  1512 | D:2      | Reached skill level 1 in Slings
  1512 | D:2      | Reached skill level 1 in Bows
  1512 | D:2      | Reached skill level 1 in Crossbows
  1512 | D:2      | Reached skill level 1 in Throwing
  1512 | D:2      | Reached skill level 1 in Dodging
  1512 | D:2      | Reached skill level 1 in Stealth
  1512 | D:2      | Reached skill level 1 in Unarmed Combat
  1512 | D:2      | Reached skill level 1 in Spellcasting
  1512 | D:2      | Reached skill level 1 in Evocations
  1640 | D:2      | Noticed Natasha
  1665 | D:2      | Killed Natasha
  1666 | D:2      | Reached XP level 4. HP: 14/41 MP: 5/5
  1782 | D:2      | Noticed Natasha
  1804 | D:2      | HP: 2/41 [Natasha/magic dart (10)]
  1819 | D:2      | Killed Natasha
  1820 | D:2      | Reached skill level 1 in Conjurations
  1820 | D:2      | Reached skill level 1 in Hexes
  1820 | D:2      | Reached skill level 1 in Summonings
  1820 | D:2      | Reached skill level 1 in Necromancy
  1820 | D:2      | Reached skill level 1 in Translocations
  1820 | D:2      | Reached skill level 1 in Transmutations
  1820 | D:2      | Reached skill level 1 in Fire Magic
  1820 | D:2      | Reached skill level 1 in Ice Magic
  1820 | D:2      | Reached skill level 1 in Air Magic
  1820 | D:2      | Reached skill level 1 in Earth Magic
  1820 | D:2      | Reached skill level 1 in Poison Magic
  2122 | D:2      | You fall into a shaft and drop 1 floor!
  2169 | D:3      | Reached XP level 5. HP: 8/47 MP: 5/7
  2447 | D:3      | Noticed Terence
  2460 | D:3      | Killed Terence
  2582 | D:3      | Noticed Jessica
  2589 | D:3      | Killed Jessica
  2705 | D:3      | Found a white marble altar of Elyvilon.
  2705 | D:3      | Noticed Grinder
  2723 | D:3      | Reached XP level 6. HP: 33/53 MP: 8/8
  2919 | D:3      | Paralysed by Grinder for 4 turns
  2924 | D:3      | Killed Grinder
  2925 | D:3      | Reached skill level 5 in Long Blades
  2925 | D:3      | Reached XP level 7. HP: 28/59 MP: 8/10
  3200 | D:3      | Found Qam Peis's Weapon Emporium.
  3289 | D:3      | Noticed Ijyb
  3295 | D:3      | Killed Ijyb
  3430 | D:3      | Found a runed translucent door.
  3431 | D:3      | Noticed Crazy Yiuf
  3921 | D:3      | Killed Crazy Yiuf
  4813 | D:5      | Entered Level 5 of the Dungeon
  5058 | D:5      | Found a staircase to the Ecumenical Temple.
  5090 | D:5      | Reached XP level 8. HP: 39/67 MP: 12/12
  5412 | D:5      | Found a sparkling altar of Nemelex Xobeh.
  5480 | D:5      | Found a hide-covered altar of Uskayaw.
  5506 | D:5      | Noticed a yak
  5506 | D:5      | Noticed a yak
  5506 | D:5      | Noticed a yak
  5506 | D:5      | Noticed a yak
  5513 | D:5      | Killed a yak
  5515 | D:5      | Noticed a yak
  5515 | D:5      | Noticed a yak
  5526 | D:5      | Killed a yak
  5527 | D:5      | Killed a yak
  5554 | D:5      | Killed a yak
  5585 | D:5      | Killed a yak
  5586 | D:5      | Reached XP level 9. HP: 18/73 MP: 14/14
  6243 | D:6      | Identified the +1 war axe of an ossuary {venom, Will++
                  | Int+4}
  6525 | D:6      | Found a radiant altar of Vehumet.
  6547 | D:6      | Found an ancient bone altar of Kikubaaqudgha.
  6617 | D:6      | Found a runed translucent door.
  6618 | D:6      | Noticed SirDiesAlot's ghost (novice MiDe)
  6674 | D:6      | HP: 2/73 [wight (15)]
  7090 | D:6      | Noticed a cyclops
  7097 | D:6      | Killed a cyclops
  7098 | D:6      | Reached skill level 5 in Invocations
  7724 | D:7      | Reached XP level 10. HP: 48/80 MP: 17/17
  7732 | D:6      | HP: 3/80 [poisoned by an orc wizard]
  8554 | D:7      | Found a sacrificial altar of Ru.
  8613 | D:7      | Noticed a two-headed ogre
  8621 | D:7      | HP: 4/80 [two-headed ogre (13)]
  8637 | D:7      | Killed a two-headed ogre
  8638 | D:7      | Reached skill level 5 in Short Blades
  8638 | D:7      | Reached skill level 5 in Axes
  8638 | D:7      | Reached skill level 5 in Maces & Flails
  8638 | D:7      | Reached skill level 5 in Polearms
  8638 | D:7      | Reached skill level 5 in Staves
  8638 | D:7      | Reached skill level 5 in Slings
  8638 | D:7      | Reached skill level 5 in Bows
  8638 | D:7      | Reached skill level 5 in Crossbows
  8638 | D:7      | Reached skill level 5 in Throwing
  8638 | D:7      | Reached skill level 5 in Dodging
  8638 | D:7      | Reached skill level 5 in Stealth
  8638 | D:7      | Reached skill level 5 in Unarmed Combat
  8638 | D:7      | Reached skill level 5 in Spellcasting
  8638 | D:7      | Reached skill level 5 in Evocations
  9798 | D:8      | Noticed Gastronok
 10087 | D:8      | Killed Gastronok
 10120 | D:8      | Noticed a two-headed ogre
 10172 | D:7      | Killed a two-headed ogre
 10173 | D:7      | Reached XP level 11. HP: 31/87 MP: 19/19
 11004 | D:9      | Noticed a two-headed ogre
 11013 | D:9      | Killed a two-headed ogre
 11014 | D:9      | Reached skill level 5 in Conjurations
 11014 | D:9      | Reached skill level 5 in Hexes
 11014 | D:9      | Reached skill level 5 in Summonings
 11014 | D:9      | Reached skill level 5 in Necromancy
 11014 | D:9      | Reached skill level 5 in Translocations
 11014 | D:9      | Reached skill level 5 in Transmutations
 11014 | D:9      | Reached skill level 5 in Fire Magic
 11014 | D:9      | Reached skill level 5 in Ice Magic
 11014 | D:9      | Reached skill level 5 in Air Magic
 11014 | D:9      | Reached skill level 5 in Earth Magic
 11014 | D:9      | Reached skill level 5 in Poison Magic
 11826 | D:10     | Entered Level 10 of the Dungeon
 11946 | D:10     | Noticed a cyan ugly thing
 11960 | D:10     | Killed a cyan ugly thing
 12323 | D:10     | Noticed Maurice
 12339 | D:10     | Found a flagged portal.
 12346 | D:10     | Killed Maurice
 12400 | Bailey   | Entered a bailey
 12480 | Bailey   | Noticed an orc sorcerer
 12491 | Bailey   | Killed an orc sorcerer
 12881 | Bailey   | Found an iron altar of Okawaru.
 12917 | Bailey   | Identified the +1 buckler "Daninet" {Str+6}
 13017 | Bailey   | Noticed an orc knight
 13030 | Bailey   | Killed an orc knight
 13482 | D:10     | Noticed Maggie
 13524 | D:10     | Killed Maggie
 13541 | D:10     | Found a staircase to the Orcish Mines.
 14205 | D:10     | Noticed Nergalle
 14219 | D:10     | Killed Nergalle
 14220 | D:10     | Reached XP level 12. HP: 92/96 MP: 22/22
 14301 | D:10     | Noticed Psyche
 14318 | D:10     | Killed Psyche
 14666 | D:11     | Noticed a death yak
 14670 | D:11     | Noticed a death yak
 14671 | D:11     | Noticed a death yak
 14682 | D:11     | Killed a death yak
 14684 | D:11     | Killed a death yak
 14692 | D:11     | Killed a death yak
 14899 | D:11     | Found a staircase to the Lair.
 14923 | D:11     | Noticed a two-headed ogre
 14933 | D:11     | Killed a two-headed ogre
 15005 | D:11     | Found Wirgh's General Store.
 15103 | D:11     | Found a sparkling altar of Nemelex Xobeh.
 15538 | D:11     | Noticed a two-headed ogre
 15574 | D:11     | Killed a two-headed ogre
 15808 | D:11     | Noticed a two-headed ogre
 15820 | D:11     | Killed a two-headed ogre
 15821 | D:11     | Reached skill level 10 in Fighting
 15821 | D:11     | Reached skill level 10 in Armour
 15821 | D:11     | Reached skill level 10 in Shields
 16118 | D:12     | Noticed Snorg
 16158 | D:11     | Killed Snorg
 16898 | D:12     | Noticed Kirke
 16912 | D:12     | Killed Kirke
 16913 | D:12     | Reached XP level 13. HP: 98/103 MP: 24/24
 17850 | D:12     | Gained mutation: You sometimes lose the ability to read
                  | scrolls when taking damage. [mutagenic glow]
 18358 | D:12     | Noticed Josephine
 18373 | D:12     | Killed Josephine
 18915 | D:12     | Noticed a sphinx
 18917 | D:12     | Noticed a fire giant
 18917 | D:12     | Noticed a shadow dragon
 18929 | D:12     | HP: 4/104 [phantasmal warrior (15)]
 18929 | D:12     | Slain by a fire giant

Illustrated notes

Levels and vault maps discovered:
D:1:      psy_arrival_statuary, layout_basic,
          hellmonk_ecumenical_altar_prayer_group, chequers_jeans
D:2:      layout_loops_ring, uniq_natasha
D:3:      layout_basic, elyvilon_altar_5, serial_shops, shop, st_stairs_13,
          minmay_crystal_room, uniq_terence, uniq_ijyb, uniq_jessica,
          uniq_grinder, uniq_crazy_yiuf_cottage
D:4:      layout_loops_ring, chequers_serial_rivers_small_3
D:5:      corexii_shack_village, layout_basic, mainiacjoe_overflow_24_doors,
          kennysheep_little_box, minmay_temple_entry_statues_fountains,
          kennysheep_generic_room_12
D:6:      layout_loops_cross, mainiacjoe_overflow_big_doors,
          gammafunk_ghost_grave, serial_bayou_ford_a, minmay_small_thing
D:7:      layout_basic, mainiacjoe_overflow_tiny_flanked,
          kennysheep_opposing_triangles
D:8:      layout_cave_pools, corner_web_ring, grunt_decor_mini_mirrors,
          nicolae_sextant, patterned_corridor, uniq_gastronok
D:9:      layout_rooms, corexii_hall_statues_i
D:10:     layout_basic, hiddenorc1_lemuel, enter_bailey_5, uniq_nergalle,
          uniq_maurice, uniq_psyche, uniq_maggie
D:11:     layout_basic, dpeg_lair_monsters, serial_shops, shop,
          nemelex_spade_bored_becter
D:12:     minmay_tearing_corner, layout_loops_ring, uniq_kirke, uniq_snorg,
          uniq_josephine

Skill      XL: |  1  2  3  4  5  6  7  8  9 10 11 12 13 |
---------------+----------------------------------------+-----
Invocations    | 1 2 3 4 5 6 7 8 9 |  9.0
Short Blades   | 1 2 3 4 5 6 7 8 |  8.2
Axes           | 1 2 3 4 5 6 7 8 |  8.2
Maces & Flails | 1 2 3 4 5 6 7 8 |  8.2
Polearms       | 1 2 3 4 5 6 7 8 |  8.2
Staves         | 1 2 3 4 5 6 7 8 |  8.2
Slings         | 1 2 3 4 5 6 7 8 |  8.2
Bows           | 1 2 3 4 5 6 7 8 |  8.2
Crossbows      | 1 2 3 4 5 6 7 8 |  8.2
Throwing       | 1 2 3 4 5 6 7 8 |  8.2
Dodging        | 1 2 3 4 5 6 7 8 |  8.2
Stealth        | 1 2 3 4 5 6 7 8 |  8.2
Unarmed Combat | 1 2 3 4 5 6 7 8 |  8.2
Spellcasting   | 1 2 3 4 5 6 7 8 |  8.2
Evocations     | 1 2 3 4 5 6 7 8 |  8.2
Conjurations   | 1 2 3 4 5 6 |  6.8
Hexes          | 1 2 3 4 5 6 |  6.8
Summonings     | 1 2 3 4 5 6 |  6.8
Necromancy     | 1 2 3 4 5 6 |  6.8
Translocations | 1 2 3 4 5 6 |  6.8
Transmutations | 1 2 3 4 5 6 |  6.8
Fire Magic     | 1 2 3 4 5 6 |  6.8
Ice Magic      | 1 2 3 4 5 6 |  6.8
Air Magic      | 1 2 3 4 5 6 |  6.8
Earth Magic    | 1 2 3 4 5 6 |  6.8
Poison Magic   | 1 2 3 4 5 6 |  6.8
Long Blades    | 5 6 7 8 9 |  9.5
Fighting       | 7 8 9 10 | 10.5
Armour         | 7 8 9 10 | 10.5
Shields        | 7 8 9 10 | 10.5

Action                   |  1- 3 |  4- 6 |  7- 9 | 10-12 | 13-15 || total
-------------------------+-------+-------+-------+-------+-------++-------
Melee: Long sword        |    44 |    51 |       |       |       ||    95
       Bite              |    22 |     9 |    25 |    82 |    21 ||   159
       Dagger            |   154 |       |       |       |       ||   154
       Hand axe          |       |    48 |   175 |       |    21 ||   244
       War axe           |       |       |    78 |   588 |   108 ||   774
  Use: Potion            |       |     1 |       |     2 |     7 ||    10
       Scroll            |       |     4 |     2 |     6 |       ||    12
 Stab: Sleeping          |     6 |     4 |    17 |    11 |     2 ||    40
       Invisible         |       |       |       |       |     2 ||     2
Armor: Shadow dragon sca |    97 |    52 |   110 |   274 |    64 ||   597
Dodge: Dodged            |    55 |    15 |    80 |   232 |    49 ||   431
Block: Buckler           |    41 |    14 |    48 |   263 |    80 ||   446
       Reflection        |       |       |       |     4 |       ||     4

Table legend: (Time is in decaauts)
 A = Elapsed time spent in this place.
 B = Non-inter-level travel time spent in this place.
 C = Inter-level travel time spent in this place.
 D = Time resting spent in this place.
 E = Time spent auto-exploring this place.
 F = Levels seen in this place.
 G = Mean time per level.
                   A        B        C        D        E       F      G
               +--------+--------+--------+--------+--------+-----+--------+
         Total |  19148 |  18818 |    330 |   4932 |  10105 |  13 | 1472.9 |
       Dungeon |  18088 |  17758 |    330 |   4445 |   9987 |  12 | 1507.3 |
        Bailey |   1059 |   1059 |      0 |    487 |    117 |   1 | 1059.0 |
               +--------+--------+--------+--------+--------+-----+--------+

Top non-repeatable levels by time:
    D:11: 2939 daAuts
     D:3: 1989 daAuts
     D:7: 1889 daAuts
     D:6: 1834 daAuts
    D:10: 1713 daAuts
    D:12: 1469 daAuts
     D:2: 1248 daAuts
     D:5: 1179 daAuts
     D:8: 1132 daAuts
  Bailey: 1059 daAuts
     D:4: 964 daAuts
     D:1: 893 daAuts
     D:9: 834 daAuts
